 Dungeon Crawl Stone Soup version 0.32-a0-913-g739538afd8 (webtiles) character file.

Game seed: 16708176796207563196

154 Bediveer the Shooter (level 5, -10/61 HPs)
             Began as a Vampire Hunter on Apr 9, 2024.
             Killed by divine providence
             ... invoked by an orc priest
              (13 damage)
             ... on level 3 of the Dungeon.
             The game lasted 00:03:06 (1588 turns).

Bediveer the Shooter (Vampire Hunter)               Turns: 1588, Time: 00:03:07

Health: -10/61     AC: 22    Str: 10    XL:     5   Next: 13%
Magic:  5/5        EV:  2    Int: 12    God:
Gold:   118        SH:  5    Dex: 19    Spells: 4/4 levels left

rFire   + . .        a - +0 shortbow
rCold   . . .        (shield currently unavailable)
rNeg    . . .        c - melded +0 leather armour
rPois   +            (helmet currently unavailable)
rElec   .            (cloak currently unavailable)
rCorr   .            (gloves currently unavailable)
SInv    +            e - melded +1 pair of boots
Will    .....        k - amulet of reflection
Stlth   ++           i - ring of protection from fire
HPRegen 0.50/turn    (no ring)
MPRegen 0.09/turn

%: reflection
@: tree-form, healing quickly
A: stationary, stasis, torment immunity, boosted hp, alive, (fangs 3), see
invisible, vampiric 2
a: Exsanguinate, Convert to Beogh


You were on level 3 of the Dungeon.
You were a tree.
You visited 1 branch of the dungeon, and saw 3 of its levels.

You collected 118 gold pieces.

Inventory:

Hand Weapons
 a - a +0 shortbow (weapon)
Armour
 c - a +0 leather armour (melded)
 e - a +1 pair of boots (melded)
Jewellery
 i - a ring of protection from fire (left branch)
 k - an amulet of reflection (around neck)
Scrolls
 b - a scroll of butterflies
Potions
 j - a potion of attraction {unknown}


   Skills:
 - Level 3.0 Fighting
 * Level 4.8 Ranged Weapons
 - Level 2.1 Dodging
 - Level 1.5 Stealth


You had 4 spell levels left.
You didn't know any spells.
Your spell library contained the following spells:

 Spells                   Type           Power      Damage    Failure   Level
 Inner Flame              Hex/Fire       0%         N/A       69%         3
 Flame Wave               Conj/Fire      0%         2d4       97%         4
 Sticky Flame             Fire/Alch      0%         2d4       97%         4


Dungeon Overview and Level Annotations

Branches:
Dungeon (3/15)

Altars:


Innate Abilities, Weirdness & Mutations

You are a tree.
Your roots penetrate the ground, keeping you stationary.
You cannot be teleported.
You are immune to unholy pain and torment.
Your maximum health is greatly increased.
Your equipment is partially melded.
Your natural rate of healing is accelerated.
((You have razor-sharp teeth.))
You have supernaturally acute eyesight. (SInv)
You are afflicted with vampirism and can become a bat while bloodless.


Message History

You are too injured to fight recklessly!
You shoot an arrow. The arrow hits the orc priest.
The orc priest is severely wounded.
The orc priest shouts, "Beogh offers mercy even to people such as you.
Join us and be reborn!"
The orc priest closely misses you.
The frilled lizard bites you but does no damage.
You shoot an arrow. The arrow barely misses the orc priest.
You block the orc priest's attack. The frilled lizard closely misses you.
You shoot an arrow. The arrow hits the orc priest.
The orc priest is almost dead.
The orc priest shouts, "The Pantheon deserves no one's loyalty.
Let us show you the true path!"
The orc priest mumbles some strange prayers to Beogh against you.
Beogh smites you!
* * * LOW HITPOINT WARNING * * *
You block the frilled lizard's attack. The frilled lizard closely misses you.
The orc priest misses you.
You shoot an arrow.
The arrow closely misses the orc priest.
The orc priest hits you with a +0 hand axe.
* * * LOW HITPOINT WARNING * * *
The frilled lizard closely misses you.
It was a potion of magic.
Magic courses through your body.
The orc priest hits you with a +0 hand axe.
* * * LOW HITPOINT WARNING * * *
The frilled lizard misses you.
It was a potion of lignification.
You turn into a tree.
Your +1 pair of boots melds into your body.
Your +0 leather armour melds into your body.
Your roots penetrate the ground.
The frilled lizard bites you but does no damage.
You block the orc priest's attack.
You shoot an arrow. The arrow barely misses the orc priest.
The orc priest begins to cast a cantrip, but forgets the words!
The frilled lizard bites you but does no damage.
You shoot an arrow.
The arrow closely misses the orc priest.
The orc priest threatens, "Beogh's wrath is as vast as their mercy.
Make your choice!"
The orc priest invokes the aid of Beogh against you.
Beogh smites you!
You die...

#......#
#...<..#
#.....†#
#....<.#
#......#
##......#
##†......#
###..###..##
#♣o.## ##.#
#l)### #..#
..†.## ##.#
...)## .#
..... .#
.... ... ...


You could see an orc priest and a frilled lizard.

Vanquished Creatures
  Jessica (D:2)
  An orc wizard (D:3)
  Terence (D:2)
  A gnoll (D:1)
  An adder (D:3)
  2 ribbon worms (D:2)
  6 orcs
  4 bats
  2 endoplasms (D:1)
  3 giant cockroaches (D:1)
  A goblin (D:2)
  8 hobgoblins
  A jackal (D:3)
  6 kobolds
  3 quokkas
  2 ball pythons
  A frilled lizard (D:3)
  8 rats
52 creatures vanquished.

Notes
Turn   | Place    | Note
-------+----------+-------------------------------------------
     0 | D:1      | Bediveer the Vampire Hunter began the quest for the Orb.
     0 | D:1      | Reached XP level 1. HP: 16/16 MP: 1/1
   178 | D:1      | Reached XP level 2. HP: 22/22 MP: 2/2
   307 | D:1      | Gained mutation: You are afflicted with vampirism and can
                  | become a bat while bloodless. [Vampire growth]
   307 | D:1      | Reached XP level 3. HP: 7/28 MP: 3/3
   646 | D:2      | Noticed Jessica
   650 | D:2      | Killed Jessica
   651 | D:2      | Reached skill level 4 in Ranged Weapons
   736 | D:2      | Reached XP level 4. HP: 34/34 MP: 4/4
  1347 | D:3      | Noticed Terence
  1407 | D:2      | Killed Terence
  1512 | D:3      | Reached XP level 5. HP: 34/41 MP: 5/5
  1585 | D:3      | HP: 1/41 [orc priest/+0 hand axe (3)]
  1588 | D:3      | Killed from afar by an orc priest

Illustrated notes

Levels and vault maps discovered:
D:1:      shiori_arrival_elements, layout_basic, minmay_pentomino_u4
D:2:      layout_loops_ring, uniq_jessica
D:3:      layout_rooms, uniq_ijyb, uniq_terence

Skill      XL: |  1  2  3  4 |
---------------+-------------+-----
Fighting       | 2 3 |  3.0
Ranged Weapons | 4 |  4.8
Dodging        | |  2.1
Stealth        | |  1.5

Action                     |  1- 3 |  4- 6 || total
---------------------------+-------+-------++-------
   Fire: Shortbow          |    83 |   131 ||   214
    Use: Potion            |     2 |     2 ||     4
         Scroll            |       |     3 ||     3
 Armour: Leather armour    |    23 |    51 ||    74
         Skin              |       |     2 ||     2
  Dodge: Dodged            |    17 |    49 ||    66
  Block: Other             |       |    20 ||    20

Table legend: (Time is in decaauts)
 A = Elapsed time spent in this place.
 B = Non-inter-level travel time spent in this place.
 C = Inter-level travel time spent in this place.
 D = Time resting spent in this place.
 E = Time spent auto-exploring this place.
 F = Levels seen in this place.
 G = Mean time per level.
                   A        B        C        D        E       F      G
               +--------+--------+--------+--------+--------+-----+--------+
         Total |   1637 |   1529 |    108 |     17 |   1121 |   3 |  545.7 |
       Dungeon |   1637 |   1529 |    108 |     17 |   1121 |   3 |  545.7 |
               +--------+--------+--------+--------+--------+-----+--------+

Top non-repeatable levels by time:
     D:2: 867 daAuts
     D:1: 624 daAuts
     D:3: 146 daAuts
